 Dungeon Crawl Stone Soup version 0.31.0-12-g77e489cdc1 (webtiles) character file.

Game seed: 6542747956189960322

3401 PaiMei the Purveyor of Pain (level 9, 0/62 (71) HPs)
             Began as a Demonspawn Necromancer on Mar 6, 2024.
             Was an Initiate of Kikubaaqudgha.
             Slain by an orc wizard
             ... wielding the +3 great sword of Ycoad {drain, Fly rElec Int-3 SInv}
              (16 damage)
             ... on level 8 of the Dungeon.
             The game lasted 00:14:32 (11083 turns).

PaiMei the Purveyor of Pain (DsNe)                 Turns: 11083, Time: 00:14:33

HP:   0/62 (71)     AC:  5    Str:  8    XL:     9   Next: 75%
MP:   7/19          EV: 15    Int: 32    God:    Kikubaaqudgha [......]
Gold: 345           SH:  0    Dex: 14    Spells: 13/21 levels left

rFire   . . .        D - +2 trident (drain)
rCold   + . .        (no shield)
rNeg    . . .        x - +1 robe {rC+}
rPois   .            (no helmet)
rElec   .            (no cloak)
rCorr   .            (no gloves)
SInv    .            (no boots)
Will    .....        (no amulet)
Stlth   +            A - +6 ring of intelligence
HPRegen 0.30/turn    q - +6 ring of intelligence
MPRegen 0.16/turn

%: no passive effects
@: confused, studying Armour, heavily drained
A: claws 1, yellow scales 1, ignite blood 1, powered by death 1
a: Renounce Religion


You were on level 8 of the Dungeon.
You worshipped Kikubaaqudgha.
Kikubaaqudgha was noncommittal.
You visited 2 branches of the dungeon, and saw 9 of its levels.

You collected 345 gold pieces.

Inventory:

Hand Weapons
 a - a +2 vampiric trident
 y - a +0 quick blade
 D - a +2 trident of draining (weapon)
Missiles
 c - 12 poisoned darts (quivered)
Armour
 v - the +0 ring mail of Plasticity {*Corrode Regen+ Str+3}
   (You found it on level 4 of the Dungeon)

   Str+3:     It affects your strength (+3).
   Regen+:    It increases your rate of health regeneration.
   *Corrode:  It may corrode you when you take damage.
 w - a +2 ring mail of poison resistance
 x - a +1 robe of cold resistance (worn)
 E - an orb of mayhem
Jewellery
 e - a ring of resist corrosion
 o - a ring of protection from fire
 q - a +6 ring of intelligence (right claw)
 A - a +6 ring of intelligence (left claw)
 B - an amulet of faith
Wands
 i - a wand of roots (14)
 r - a wand of paralysis (3)
Scrolls
 f - 3 scrolls of immolation
 g - a scroll of teleportation
 h - 2 scrolls of fear {unknown}
 j - 6 scrolls of identify
 k - 2 scrolls of blinking {unknown}
 l - a scroll of noise {unknown}
 m - a scroll of torment {unknown}
 p - a scroll of revelation {unknown}
 t - a scroll of enchant weapon {unknown}
 u - 3 scrolls of poison
 C - a scroll of silence {unknown}
 G - a scroll of fog {unknown}
Potions
 b - a potion of magic
 d - a potion of resistance {unknown}
 n - 3 potions of curing
 s - a potion of might {unknown}
 z - a potion of degeneration {unknown}
 F - a potion of enlightenment {unknown}
 H - 2 potions of berserk rage {unknown}


   Skills:
 + Level 6.8 Fighting
 + Level 6.5 Dodging
 - Level 2.0 Stealth
 + Level 6.6 Spellcasting
 + Level 8.9 Necromancy


You had 13 spell levels left.
You knew the following spells:

 Your Spells              Type           Power      Damage    Failure   Level
a - Necrotise             Necr           100%       1d9       1%          1
b - Vampiric Draining     Necr           61%        2d10      1%          3
c - Animate Dead          Necr           61%        N/A       1%          4

Your spell library contained the following spells:

 Spells                   Type           Power      Damage    Failure   Level
 Fugue of the Fallen      Necr           61%        N/A       1%          3
 Curse of Agony           Necr           61%        N/A       3%          5
 Magic Dart               Conj           40%        1d5       4%          1
 Ensorcelled Hibernation  Hex/Ice        20%        N/A       7%          2
 Searing Ray              Conj           20%        2d5       7%          2
 Anguish                  Hex/Necr       19%        N/A       7%          4
 Frozen Ramparts          Ice            20%        1d4       13%         3
 Ozocubu's Armour         Ice            10%        N/A       13%         3
 Volatile Blastmotes      Fire/Tloc      20%        2d11      13%         3
 Fulminant Prism          Conj/Alch      5%         3d6       41%         4
 Leda's Liquefaction      Alch/Erth      5%         N/A       41%         4
 Petrify                  Alch/Erth      10%        N/A       41%         4
 Iskenderun's Battlesphe  Conj           10%        2d6       77%         5
 Metabolic Englaciation   Hex/Ice        5%         N/A       77%         5
 Bombard                  Conj/Erth      5%         9d2       100%        6
 Plasma Beam              Fire/Air       5%         2x1d15    100%        6
 Starburst                Conj/Fire      5%         6d4       100%        6
 Spellforged Servitor     Conj/Summ      5%         N/A       100%        7


Dungeon Overview and Level Annotations

Branches:
Dungeon (8/15)             Temple (1/1) D:5            Lair (0/5) D:8

Altars:
Ashenzari
Cheibriados
Dithmenos
Fedhas
Gozag
Hepliaklqana
Kikubaaqudgha
Makhleb
Nemelex Xobeh
Okawaru
Qazlal
Ru
Sif Muna
Trog
Uskayaw
Vehumet
Wu Jian
Xom
Yredelemnul

Shops:
D:5 *

Annotations:
D:7 3 runed translucent doors, jimonade's ghost, novice HOMo


Innate Abilities, Weirdness & Mutations

You have sharp fingernails.
You are partially covered in yellow scales. (AC +2)
Your demonic aura sometimes causes spilled blood to erupt in flames.
You regenerate a little health from kills.


Message History

Your orc skeleton is destroyed!
Casting: Vampiric Draining (safe; 1% risk of failure)
Confirm with . or Enter, or press ? or * to list all spells.
Aiming: Vampiric Draining (safe; 1% risk of failure)
Press: ? - help, Shift-Dir - straight line, f/p - orc wizard
Aim: an orc wizard, wielding a +0 dagger and wearing a +0 robe (almost dead)
You draw life force from the orc wizard!
You kill the orc wizard!
Kikubaaqudgha accepts your kill.
Casting: Vampiric Draining (safe; 1% risk of failure)
Confirm with . or Enter, or press ? or * to list all spells.
You can't see any susceptible monsters within range! (Use Z to cast anyway.)
You closely miss something. Something hits you!
You feel drained. Something hits you!
You feel drained.
Casting: Vampiric Draining (safe; 1% risk of failure)
Confirm with . or Enter, or press ? or * to list all spells.
You can't see any susceptible monsters within range! (Use Z to cast anyway.)
Casting: Vampiric Draining (safe; 1% risk of failure)
Confirm with . or Enter, or press ? or * to list all spells.
You can't see any susceptible monsters within range! (Use Z to cast anyway.)
You hit something. Something hits you!
* * * LOW HITPOINT WARNING * * *
You feel drained.
* * * LOW HITPOINT WARNING * * *
Casting: Vampiric Draining (safe; 1% risk of failure)
Confirm with . or Enter, or press ? or * to list all spells.
You can't see any susceptible monsters within range! (Use Z to cast anyway.)
You completely miss something.
You hear some strange, mumbled words.
You are confused.
You're too confused to cast spells.
You closely miss something. Something hits you.
* * * LOW HITPOINT WARNING * * *
You feel drained. Something hits you.
* * * LOW HITPOINT WARNING * * *
You feel drained.
You're too confused to cast spells.
You're too confused to move!
Something hits you!
You die...
Kikubaaqudgha rasps: "You have failed me!
Welcome... death!"

.....## ##.....
.... ......# ...#
....#.# ...# #
....#....#####
...##.. ....#
#.....# ......#
############.##
o)..... #
#....)...###{.....#
# #....#.....@# #
#....#......# #
#....#.......... #
#....#######.....
### #....# ###...
..# #....#### #.
..# #....'...
..####....####
..............


You could see an orc.

Vanquished Creatures
  Jeremiah (D:7)
  A hornet (D:8)
  2 yaks (D:8)
  Duvessa (D:4)
  An orc warrior (D:7)
  2 sky beasts
  3 black bears
  2 ogres
  An ice beast (D:6)
  A centaur (D:6)
  2 phantoms
  A kobold brigand (D:8)
  7 bullfrogs
  Blork the orc (D:6)
  5 scorpions
  Dowan (D:4)
  3 hounds
  An orc priest (D:7)
  4 iguanas
  2 sleepcaps
  Natasha (twice) (D:4)
  3 orc wizards
  5 gnolls
  6 adders
  A shadow imp (D:6)
  A white imp (D:5)
  A dart slug (D:1)
  2 ribbon worms
  7 orcs
  3 endoplasms
  A giant cockroach (D:2)
  8 goblins
  6 hobgoblins
  5 jackals (D:3)
  5 kobolds
  7 ball pythons
  3 bats
  2 frilled lizards
  5 rats
115 creatures vanquished.

Vanquished Creatures (collateral kills)
  A gnoll (D:4)
  An endoplasm (D:2)
  A goblin (D:4)
3 creatures vanquished.

Grand Total: 118 creatures vanquished

Notes
Turn   | Place    | Note
-------+----------+-------------------------------------------
     0 | D:1      | PaiMei the Demonspawn Necromancer began the quest for the
                  | Orb.
     0 | D:1      | Reached XP level 1. HP: 13/13 MP: 3/3
   355 | D:1      | Got the Textbook on the Fiery Iceberg
   678 | D:1      | Gained mutation: Your demonic aura sometimes causes spilled
                  | blood to erupt in flames. [demonic ancestry]
   678 | D:1      | Reached XP level 2. HP: 19/19 MP: 1/5
   809 | D:1      | Found a faded altar of an unknown god.
  1218 | D:2      | Found a sparkling altar of Nemelex Xobeh.
  1961 | D:3      | Found a blossoming altar of Fedhas.
  2122 | D:3      | Gained mutation: You have sharp fingernails. [demonic
                  | ancestry]
  2122 | D:3      | Reached XP level 3. HP: 25/25 MP: 4/6
  2224 | D:3      | Reached skill level 1 in Fighting
  3195 | D:4      | Noticed a scorpion
  3250 | D:4      | Noticed a phantom
  3313 | D:3      | Killed a scorpion
  3314 | D:3      | Reached skill level 5 in Necromancy
  3314 | D:3      | Reached XP level 4. HP: 33/33 MP: 1/8
  3868 | D:4      | Learned a level 3 spell: Vampiric Draining
  4000 | D:4      | Noticed a scorpion
  4022 | D:4      | Killed a scorpion
  4023 | D:4      | Gained mutation: You are partially covered in yellow
                  | scales. (AC +2) [demonic ancestry]
  4023 | D:4      | Reached XP level 5. HP: 28/38 MP: 3/9
  4053 | D:4      | Killed a phantom
  4054 | D:4      | Reached XP level 6. HP: 9/46 MP: 7/10
  4874 | D:4      | Identified the +0 ring mail of Plasticity {*Corrode Regen+
                  | Str+3}
  4969 | D:4      | Noticed Duvessa
  4969 | D:4      | Noticed Dowan
  5018 | D:4      | Killed Duvessa
  5019 | D:4      | Reached skill level 6 in Necromancy
  5019 | D:4      | Reached XP level 7. HP: 16/52 MP: 1/13
  5041 | D:4      | HP: 2/52 [gnoll/+0 club (6)]
  5429 | D:4      | Noticed Natasha
  5434 | D:4      | Killed Natasha
  5629 | D:4      | Killed Dowan
  5788 | D:4      | Noticed Natasha
  5792 | D:4      | Killed Natasha
  6082 | D:5      | Entered Level 5 of the Dungeon
  6929 | D:5      | Found Wopluaw's General Store.
  7078 | D:5      | Gained mutation: You regenerate a little health from kills.
                  | [demonic ancestry]
  7078 | D:5      | Reached XP level 8. HP: 54/61 MP: 8/14
  7083 | D:5      | Learned a level 4 spell: Animate Dead
  7225 | D:5      | Found a staircase to the Ecumenical Temple.
  7234 | Temple   | Entered the Ecumenical Temple
  7247 | Temple   | Became a worshipper of Kikubaaqudgha
  7701 | D:6      | Reached skill level 7 in Necromancy
  7973 | D:6      | Noticed Blork the orc
  7979 | D:6      | Killed Blork the orc
  7980 | D:6      | Reached skill level 5 in Spellcasting
  8063 | D:6      | Reached skill level 5 in Fighting
  8063 | D:6      | Reached skill level 5 in Dodging
  8812 | D:7      | Noticed jimonade's ghost (novice HOMo)
  8909 | D:7      | Noticed Jeremiah
  9262 | D:7      | Reached XP level 9. HP: 44/68 MP: 1/17
  9498 | D:7      | Killed Jeremiah
  9499 | D:7      | Reached skill level 8 in Necromancy
  9619 | D:7      | Found a runed translucent gate.
  9619 | D:7      | Found a runed translucent gate.
  9619 | D:7      | Found a runed translucent gate.
 10717 | D:8      | Found a staircase to the Lair.
 11070 | D:8      | Identified the +3 great sword of Ycoad {drain, Fly rElec
                  | Int-3 SInv}
 11083 | D:8      | Slain by an orc wizard

Illustrated notes

Levels and vault maps discovered:
D:1:      minmay_arrival_widening_spiral_narrow, layout_basic,
          chequers_ecumenical_altar_grove
D:2:      layout_loops_ring, basic_altar
D:3:      layout_basic, mainiacjoe_overflow_concentric_impassable,
          hex_intersection, minivault_27
D:4:      layout_cave_pods, uniq_natasha, uniq_duvessa
D:5:      layout_loops_corners, mainiacjoe_overflow_catch_the_wave,
          minmay_temple_entry_antechambers, serial_shops,
          nicolae_shop_peninsula, guppyfry_early_lair_pool
D:6:      hellmonk_crumbling_castle, layout_gridville, uniq_blork_the_orc
D:7:      layout_loops_ring, gammafunk_ghost_icy, kennysheep_flooded_box,
          uniq_jeremiah
D:8:      layout_basic, grunt_lair_entry_orc_guard_hut, uniq_psyche
Temple:   compressed_dpeg_triangle_lava_temple

Skill      XL: |  1  2  3  4  5  6  7  8  9 |
---------------+----------------------------+-----
Dodging        | 2 3 4 5 6 |  6.5
Stealth        | 2 |  2.0
Fighting       | 1 2 3 4 5 6 |  6.8
Necromancy     | 5 6 7 8 |  8.9
Spellcasting   | 3 4 5 6 |  6.6

Action                     |  1- 3 |  4- 6 |  7- 9 || total
---------------------------+-------+-------+-------++-------
  Melee: Unarmed           |    16 |       |       ||    16
         Short sword       |    28 |    41 |    24 ||    93
         Punch             |       |     2 |       ||     2
         Quick blade       |       |       |    17 ||    17
         Trident           |       |       |    55 ||    55
   Cast: Necrotise         |    72 |    43 |   121 ||   236
         Vampiric Draining |       |     7 |    69 ||    76
  Evoke: Wand              |       |     1 |       ||     1
    Use: Scroll            |       |       |     3 ||     3
         Potion            |       |       |     1 ||     1
   Stab: Sleeping          |     1 |       |       ||     1
         Paralysed         |       |     4 |       ||     4
 Armour: Robe              |    31 |    44 |   153 ||   228
  Dodge: Dodged            |    39 |    48 |   128 ||   215
